 Dungeon Crawl Stone Soup version 0.31-a0-161-gb58dd9be76 (webtiles) character file.

Game seed: 17457848477013046769

180 qw the Shooter (level 5, -2/32 HPs)
             Began as a Gargoyle Hunter on June 12, 2023.
             Slain by Sigmund
             ... wielding a +0 scythe
              (4 damage)
             ... on level 2 of the Dungeon.
             The game lasted 00:00:48 (1676 turns).

qw the Shooter (Gargoyle Hunter)                    Turns: 1676, Time: 00:00:49

Health: -2/32      AC:  9    Str: 15    XL:     5   Next: 60%
Magic:  5/5        EV: 11    Int:  9    God:
Gold:   117        SH:  0    Dex: 15    Spells: 4/4 levels left

rFire   . . .        Y - +0 shortbow
rCold   . . .        (shield currently unavailable)
rNeg    + + .        g - +0 ring mail
rPois   inf          (no helmet)
rElec   +            (no cloak)
rCorr   .            (no gloves)
SInv    .            (no boots)
Will    .....        (no amulet)
Stlth   +            i - ring of positive energy
HPRegen 0.25/turn    (no ring)
MPRegen 0.09/turn

%: no passive effects
@: no status effects
A: sickness immunity, AC +4, negative energy resistance 1, electricity
resistance, torment resistance 1, petrification resistance
a: no special abilities


You were on level 2 of the Dungeon.
You visited 1 branch of the dungeon, and saw 2 of its levels.

You collected 117 gold pieces.


Innate Abilities, Weirdness & Mutations

You are immune to sickness and miasma.
Your stone body is resilient. (AC +4)
You are immune to poison.
You resist negative energy. (rN+)
You are resistant to electric shocks. (rElec)
You are resistant to unholy torment.
You are immune to petrification.


   Skills:
 + Level 3.2 Fighting
 - Level 6.1 Ranged Weapons
 - Level 1.2 Armour
 - Level 1.5 Dodging
 - Level 1.1 Stealth


You had 4 spell levels left.
You didn't know any spells.
Your spell library was empty.

Inventory:

Hand Weapons
 Y - a +0 shortbow (weapon)
Armour
 g - a +0 ring mail (worn)
Jewellery
 i - a ring of positive energy (left hand)
Wands
 b - a wand of digging (2)
Scrolls
 a - 3 scrolls of identify
 c - a scroll of acquirement {unknown}
 f - 2 scrolls of enchant armour
Potions
 d - a potion of magic {unknown}

Dungeon Overview and Level Annotations

Branches:
Dungeon (2/15)

Altars:
Xom

Annotations:
D:2 exclusion: 2 gnolls, Sigmund


Message History

The magic dart hits you.
You shoot an arrow. Something hits you!
You shoot an arrow. Something hits you but does no damage.
You shoot an arrow.
You feel less confused.
You shoot an arrow. Something hits you but does no damage.
You shoot an arrow. Something hits you but does no damage.
You shoot an arrow. Something hits you.
You shoot an arrow.
You hear some strange, mumbled words.
Something tries to affect you, but you resist.
You shoot an arrow. Something hits you!
You shoot an arrow. You shoot an arrow.
A magic dart appears from out of thin air!
The magic dart hits you but does no damage.
You hear some strange, mumbled words.
You are confused.
You shoot an arrow.
You hear some strange, mumbled words.
Something tries to affect you, but you resist.
You shoot an arrow. Something hits you.
You shoot an arrow.
You hear some strange, mumbled words.
A puff of flame appears from out of thin air!
The puff of flame hits you.
You shoot an arrow. Something hits you but does no damage.
You shoot an arrow. You shoot an arrow.
You feel less confused. Something hits you.
You die...

.#.....# .#.....#
)#.....# #######
.#.....# .......
##.....# .......
......## .......
..###.### .......
#.......# ######.{.....
#.##.##.####....@.......
#.##.##.#..%..###.......
..............## #######
......#.#.._...#
......#.#......#
...............#
...........#####
......#.#### ........#


There were no monsters in sight!

Vanquished Creatures
  Natasha (thrice) (D:2)
  4 gnolls
  3 adders
  A dart slug (D:2)
  5 endoplasms
  2 giant cockroaches (D:1)
  6 goblins
  6 hobgoblins
  3 ball pythons
  3 bats (D:1)
  A frilled lizard (D:1)
  4 kobolds
  4 rats
45 creatures vanquished.

Notes
Turn   | Place    | Note
-------+----------+-------------------------------------------
     0 | D:1      | qw the Gargoyle Hunter began the quest for the Orb.
     0 | D:1      | Reached XP level 1. HP: 12/12 MP: 1/1
     0 | D:1      | 0 ||| qw: Version: 0.2-a-29-gc1b59c4
     0 | D:1      | 0 ||| qw: Game counter: 4188
     0 | D:1      | 0 ||| qw: Always use a shield: true
     0 | D:1      | 0 ||| qw: God list: Okawaru
     0 | D:1      | 0 ||| qw: Allow faded altars: false
     0 | D:1      | 0 ||| qw: Do Orc after D:15 true
     0 | D:1      | 0 ||| qw: Do second Lair branch before Depths: true
     0 | D:1      | 0 ||| qw: Lair rune preference: random
     0 | D:1      | 0 ||| qw: Plans: Normal, Zot:1-4, Slime:5, God:TSO, Crypt,
                  | Tomb, Abyss, Pan, Hells, Win
     0 | D:1      | 0 ||| PLANNING D:1-11
   264 | D:1      | Reached XP level 2. HP: 17/17 MP: 2/2
   738 | D:1      | 738 ||| UPGRADING to +0 ring mail.
   748 | D:1      | 748 ||| DROPPING +0 leather armour.
   749 | D:1      | 749 ||| UPGRADING to ring of positive energy.
   750 | D:1      | 750 ||| READING 4 scrolls labelled DEUW VIBLIMM.
   751 | D:1      | 751 ||| READING 3 scrolls labelled GASUAN DUX.
   752 | D:1      | 752 ||| DRINKING 2 golden potions.
   753 | D:1      | 753 ||| READING 3 scrolls of identify.
   753 | D:1      | 753 ||| IDENTIFYING bubbling ruby potion
   754 | D:1      | 754 ||| DROPPING scroll of butterflies.
   755 | D:1      | 755 ||| DROPPING potion of degeneration.
   797 | D:2      | 797 ||| STAIRDANCE
   800 | D:1      | Reached skill level 1 in Armour
   800 | D:1      | Reached XP level 3. HP: 18/21 MP: 3/3
   812 | D:1      | Reached skill level 5 in Ranged Weapons
   826 | D:2      | 826 ||| STAIRDANCE
   834 | D:1      | Reached XP level 4. HP: 16/27 MP: 4/4
   884 | D:2      | 884 ||| STAIRDANCE
   931 | D:2      | 931 ||| STAIRDANCE
  1001 | D:2      | 1001 ||| STAIRDANCE
  1150 | D:2      | Reached skill level 3 in Fighting
  1194 | D:2      | Found a shimmering altar of Xom.
  1289 | D:2      | Noticed Natasha
  1300 | D:2      | Killed Natasha
  1301 | D:2      | Reached XP level 5. HP: 21/32 MP: 5/5
  1344 | D:2      | 1344 ||| READING scroll labelled YLUGUEMIGH.
  1345 | D:2      | HP: 6/32 [gnoll/+2 halberd of flaming (7)]
  1345 | D:2      | HP: 2/32 [gnoll/+2 halberd of flaming (4)]
  1346 | D:2      | 1346 ||| DRINKING potion of heal wounds.
  1441 | D:2      | Noticed Natasha
  1456 | D:2      | Killed Natasha
  1559 | D:2      | Noticed Natasha
  1563 | D:2      | Killed Natasha
  1564 | D:2      | Reached skill level 6 in Ranged Weapons
  1638 | D:2      | Found a faded altar of an unknown god.
  1654 | D:2      | Noticed Sigmund
  1668 | D:2      | HP: 8/32 [something (8)]
  1673 | D:2      | HP: 1/32 [something/puff of flame (6)]
  1676 | D:2      | Slain by Sigmund

Levels and vault maps discovered:
D:1:      tarquinn_simple_flora_water_a, layout_basic
D:2:      layout_rooms, ebering_ecumenical_altar_sacrificial, basic_altar,
          minmay_tromino_v7, uniq_sigmund, uniq_crazy_yiuf_cottage, uniq_natasha

Skill      XL: |  1  2  3  4  5 |
---------------+----------------+-----
Armour         | 1 |  1.2
Ranged Weapons | 5 6 |  6.1
Fighting       | 3 |  3.2
Dodging        | |  1.5
Stealth        | |  1.1

Action                     |  1- 3 |  4- 6 || total
---------------------------+-------+-------++-------
   Fire: Shortbow          |    87 |   109 ||   196
    Use: Scroll            |     3 |     1 ||     4
         Potion            |     1 |     1 ||     2
 Armour: Leather armour    |    13 |       ||    13
         Ring mail         |    14 |    20 ||    34
  Dodge: Dodged            |    37 |    22 ||    59

Table legend:
 A = Non-vault XP
 B = Vault XP
 C = Vault XP percentage of total XP
 D = Non-vault monster count
 E = Vault monster count
 F = Vault count percentage of total count
                 A         B        C        D         E       F
            +---------+---------+-------+---------+---------+-------
      Total |     205 |      53 |  20.5 |      41 |       4 |   8.9
            +---------+---------+-------+---------+---------+-------
        D:1 |      88 |       0 |   0.0 |      26 |       0 |   0.0
        D:2 |     117 |      53 |  31.2 |      15 |       4 |  21.1
            +---------+---------+-------+---------+---------+-------
